 Dungeon Crawl Stone Soup version 0.16-a0-778-g0731923 (webtiles) character file.

18308 MRaven the Protected (level 12, -1/94 HPs)
             Began as a Formicid Abyssal Knight on Sept 24, 2014.
             Was a Priest of Lugonu.
             Killed from afar by a rakshasa (26 damage)
             ... with an orb of energy
             ... on Level 12 of the Dungeon on Sept 25, 2014.
             The game lasted 01:21:26 (15911 turns).

MRaven the Protected (Formicid Abyssal Knight)     Turns: 15911, Time: 01:21:26

HP  -1/94        AC 23     Str 22      XL: 12   Next: 93%
MP  13/27        EV  8     Int 14      God: Lugonu [***...]
Gold 142         SH  0     Dex 10      Spells:  0 memorised, 11 levels left

rFire  . . .     SeeInvis +     d - +4 trident (venom)
rCold  + . .     Clarity  +     j - +5 chain mail {rPois}
rNeg   + . .     rCorr    .     (no shield)
rPois  +         rRot     .     (helmet unavailable)
rElec  .         Spirit   .     S - +3 cloak of the Ancient Seas {+Inv rC+ rN+ SInv}
SustAb +         Warding  .     (no gloves)
rMut   .         Stasis   +     E - +0 pair of boots
Gourm  .                        M - amulet of clarity
MR     +....                    s - ring of flight
                                q - ring of sustain abilities

@: somewhat resistant to hostile enchantments, extremely unstealthy
A: permanent stasis, dig shafts and tunnels, four strong arms, antennae 3,
clever 1
a: Dig, Shaft Self, Depart the Abyss, Bend Space, Banish, Renounce Religion,
Evoke Invisibility, Evoke Flight


You were on level 12 of the Dungeon.
You worshipped Lugonu.
Lugonu was most pleased with you.
You were not hungry.

You visited 1 branch of the dungeon, and saw 12 of its levels.
You visited the Abyss 3 times.

You collected 1076 gold pieces.
You spent 934 gold pieces at shops.

Inventory:

Hand weapons
 d - a +4 trident of venom (weapon)
Missiles
 a - 2 throwing nets (quivered)
Armour
 j - a +5 chain mail of poison resistance (worn)
 E - a +0 pair of boots (worn)
 S - the +3 cloak of the Ancient Seas (worn) {+Inv rC+ rN+ SInv}
   (You bought it in a shop on level 11 of the Dungeon)

   It protects you from cold.
   It protects you from negative energy.
   It enhances your eyesight.
   It lets you turn invisible.
Magical devices
 k - a wand of magic darts (9)
 l - a wand of slowing (10)
 r - a wand of lightning (4)
 F - a wand of digging (10)
 G - a wand of magic darts (15)
 H - a wand of draining (2)
 O - a wand of enslavement (11) {unknown}
Comestibles
 c - 9 bread rations
 o - 6 meat rations
 t - 5 slices of pizza
Scrolls
 b - 5 scrolls of fear
 f - 3 scrolls of magic mapping
 m - 4 scrolls of remove curse
 p - 2 scrolls of recharging
 w - 2 scrolls of fog
 y - a scroll of enchant weapon
 I - 5 scrolls of identify
 L - a scroll of brand weapon
 P - a scroll of enchant armour
Jewellery
 h - an uncursed ring of poison resistance
 q - a ring of sustain abilities (left hand)
 s - a ring of flight (right hand)
 A - an uncursed amulet of resist corrosion
 D - the ring "Val Aji" {Fire rPois}
   (You found it on level 9 of the Dungeon)

   [ring of fire]

   It enhances your fire magic, and weakens your ice magic.
   It protects you from fire.
   It makes you vulnerable to cold.
   It protects you from poison.
 J - an uncursed ring of fire
 M - an amulet of clarity (around neck)
 R - the amulet "Pliz" {rMut +Inv rF- rC+}
   (You found it on level 12 of the Dungeon)

   [amulet of resist mutation]

   It protects you from mutation.
   It makes you vulnerable to fire.
   It protects you from cold.
   It lets you turn invisible.
Potions
 g - a potion of mutation
 i - a potion of lignification
 n - 3 potions of flight
 v - a potion of brilliance
 B - 2 potions of cancellation
 C - a potion of curing
Books
 u - a book of Ice

   Spells                             Type                      Level
   Metabolic Englaciation             Hexes/Ice                    5
   Ozocubu's Refrigeration            Ice                          6
   Bolt of Cold                       Conjuration/Ice              6
   Freezing Cloud                     Conjuration/Ice/Air          6
   Simulacrum                         Ice/Necromancy               6
 z - a book of Alchemy

   Spells                             Type                      Level
   Sublimation of Blood               Necromancy                   2
   Alistair's Intoxication            Transmutation/Poison         4
   Condensation Shield                Ice                          4
   Petrify                            Transmutation/Earth          4
   Ignite Poison                      Fire/Transmutation           5
 N - a book of the Dragon

   Spells                             Type                      Level
   Flight                             Charms/Air                   3
   Cause Fear                         Hexes                        4
   Bolt of Fire                       Conjuration/Fire             6
   Dragon Form                        Transmutation                7
   Dragon's Call                      Summoning                    9


   Skills:
 - Level 8.5 Fighting
 + Level 8.9 Polearms
 - Level 11.0 Armour
 + Level 8.1 Dodging
 + Level 10.3 Invocations
 * Level 8.3 Evocations


You had 11 spell levels left.
You didn't know any spells.

Dungeon Overview and Level Annotations

Branches:
Dungeon (12/15)            Temple (0/1) D:7             Orc (0/4) D:11
   Lair (0/8) D:9

Altars:
Cheibriados
Fedhas
Okawaru
Qazlal
Vehumet
Zin
Beogh

Shops:
D:5 ?   D:7 =(   D:8 *   D:11 [

Annotations:
D:4 TAS2012's ghost, average FeMo


Innate Abilities, Weirdness & Mutations

Your are under a permanent stasis effect.
You can dig through walls and to a lower floor.
Your four strong arms can wield two-handed weapons with a shield.
You have a pair of large antennae on your head (SInv).
Your mind is acute. (Int +2)


Message History

Why would you want to do that?
You see here a stone.
You start resting.
Use which ability? (? or * to list)
Press: ? - help, Shift-Dir - straight line, f - rakshasa
Aim: a rakshasa, wielding a whip and wearing a robe (moderately wounded)
The rakshasa resists with almost no effort.
You feel somewhat more hungry.
You can no longer corrupt the fabric of space.
Drink which item? (? for menu, Esc to quit)
It has a very clean taste.
It was a potion of cure mutation.
Drink which item? (? for menu, Esc to quit)
You feel clever.
You feel fantastic!
It was a potion of beneficial mutation.
The rakshasa gestures at you. The orb of energy hits you!
* * * LOW HITPOINT WARNING * * *
The rakshasa gestures at you. The orb of energy hits you!
You die...

.........#≈≈..⌠...⌠..≈≈#≈≈..⌠...⌠
..[......#≈.....?.....≈# ........
.........#......(......# ...)⌠..
.........#≈..(.)).....≈# .}.
........(#≈≈..⌠...⌠R.≈≈#
........)#≈≈≈.......≈≈≈#
.........#≈≈≈≈.....≈≈≈≈#
....[....#≈≈≈≈≈...≈≈≈≈≈#
.)...D...#≈≈≈≈≈≈@≈≈≈≈≈≈#
.........#######'#######
........)...)....#
.......).######### .........#
.........# ##########


You could see a rakshasa.

Vanquished Creatures
  5 hill giants
  Pikel (D:9)
  A moth of wrath (shapeshifter) (D:12)
  2 ugly things (D:12)
  A cyclops (D:12)
  Psyche (D:10)
  A tengu conjurer (D:12)
  A fire drake (D:9)
  3 trolls
  A hydra skeleton (D:12)
  A deep elf mage (D:12)
  2 water elementals (D:12)
  A hog (D:9)
  11 yaks
  2 wyverns
  2 shadows (D:12)
  A hungry ghost (D:6)
  Eustachio (D:5)
  A human (D:9)
  Grum (D:9)
  3 hippogriffs
  3 vampire mosquitoes (D:12)
  3 wolves
  4 necrophages
  A water moccasin (D:11)
  6 orc warriors
  3 ice beasts
  2 sky beasts (D:10)
  2 ogres
  5 centaurs
  Duvessa (D:5)
  10 giant frogs
  2 big kobolds
  2 cyclops skeletons
  4 scorpions
  3 killer bees (D:7)
  7 wights
  4 crimson imps
  3 electric eels (D:12)
  A yellow wasp zombie (D:10)
  Dowan (D:5)
  3 hounds
  4 goliath beetles
  A giant frog skeleton (D:10)
  3 iguanas
  10 orc priests
  2 quasits (D:12)
  9 orc wizards
  Natasha (D:3)
  3 worker ants
  2 sheep (D:9)
  Jessica (D:2)
  A mottled dragon zombie (D:12)
  A hound zombie (D:10)
  A mummy (D:7)
  Terence (D:2)
  9 adders
  11 gnolls
  A green rat (D:5)
  A shadow imp (D:10)
  An inept item mimic (D:4)
  2 giant mites
  4 worms
  An adder zombie (D:8)
  4 giant geckos
  66 orcs
  5 giant cockroaches
  13 goblins
  27 hobgoblins
  2 jackals (D:4)
  7 quokkas
  27 bats
  10 giant newts
  A hobgoblin skeleton (D:4)
  A jackal skeleton (D:5)
  A jackal zombie (D:6)
  25 kobolds
  A kobold skeleton (D:5)
  A quokka zombie (D:3)
  12 rats
386 creatures vanquished.

Vanquished Creatures (others)
  A sphinx (D:12)
  An ettin (D:12)
  The ghost of Gorice the Quickloader, a powerful DsWn of Okawaru (D:10)
  A large abomination (Abyss:1)
  A troll (D:12)
  A two-headed ogre (D:8)
  A deep elf mage (D:12)
  An orc warrior (D:8)
  4 jellies
  An orc priest (D:7)
  3 orcs
16 creatures vanquished.

Grand Total: 402 creatures vanquished

Notes
Turn   | Place    | Note
--------------------------------------------------------------
     0 | Abyss:1  | MRaven, the Formicid Abyssal Knight, began the quest for the Orb.
     0 | Abyss:1  | Reached XP level 1. HP: 18/18 MP: 1/1
    73 | Abyss:1  | Noticed a quasit
    85 | Abyss:1  | Noticed a neqoxec
    87 | Abyss:1  | Noticed a titan zombie
    87 | D:1      | Escaped the Abyss
   113 | D:1      | Reached skill level 1 in Dodging
   274 | D:1      | Reached XP level 2. HP: 5/24 MP: 3/3
   277 | D:1      | Acquired Lugonu's first power
   920 | D:1      | Reached XP level 3. HP: 29/29 MP: 5/5
  1145 | D:2      | Noticed Terence
  1151 | D:2      | Killed Terence
  1174 | D:2      | Noticed Jessica
  1176 | D:2      | Killed Jessica
  1176 | D:2      | Reached XP level 4. HP: 27/35 MP: 6/6
  1388 | D:2      | Acquired Lugonu's second power
  1452 | D:2      | Reached XP level 5. HP: 41/41 MP: 10/10
  1601 | D:2      | Found a radiant altar of Vehumet.
  2337 | D:3      | Acquired Lugonu's third power
  2565 | D:3      | Noticed Natasha
  2574 | D:3      | Killed Natasha
  2574 | D:3      | Reached XP level 6. HP: 45/48 MP: 12/12
  3178 | D:4      | Reached skill level 4 in Armour
  3280 | D:4      | Reached XP level 7. HP: 28/54 MP: 14/14
  3442 | D:4      | Noticed TAS2012's ghost (average FeMo)
  4326 | D:5      | Entered Level 5 of the Dungeon
  4370 | D:5      | Found a stormy altar of Qazlal.
  4382 | D:5      | Acquired Lugonu's fourth power
  4450 | D:5      | Noticed Eustachio
  4519 | D:5      | Killed Eustachio
  4711 | D:5      | Reached skill level 5 in Armour
  4799 | D:5      | Noticed Duvessa
  4799 | D:5      | Noticed Dowan
  4800 | D:5      | Upgraded the game from 0.16-a0-764-g7febf84 to 0.16-a0-778-g0731923
  4820 | D:5      | Killed Duvessa
  4820 | D:5      | Reached XP level 8. HP: 51/61 MP: 17/17
  4843 | D:5      | Killed Dowan
  4874 | D:5      | Reached skill level 5 in Fighting
  5140 | D:5      | Found Fryff's Magic Scroll Shoppe.
  5149 | D:5      | Bought a scroll of fog for 30 gold pieces
  5149 | D:5      | Bought 3 scrolls of fear for 157 gold pieces
  5150 | D:5      | Bought a scroll of enchant weapon for 112 gold pieces
  5183 | D:5      | Found an iron altar of Okawaru.
  5790 | D:6      | Reached skill level 5 in Invocations
  5839 | D:6      | Reached skill level 6 in Armour
  6008 | D:6      | Reached XP level 9. HP: 54/69 MP: 19/19
  6323 | D:6      | Found a glowing silver altar of Zin.
  6416 | D:7      | Found Avymp's Antique Weapon Shop.
  6577 | D:6      | Reached skill level 5 in Polearms
  6728 | D:7      | Reached skill level 7 in Armour
  7097 | D:7      | Found a blossoming altar of Fedhas.
  7758 | D:7      | Found Vaiq's Jewellery Shoppe.
  7824 | D:7      | Found a snail-covered altar of Cheibriados.
  7902 | D:7      | Found a staircase to the Ecumenical Temple.
  7950 | D:7      | Reached skill level 8 in Armour
  8231 | D:8      | Reached XP level 10. HP: 69/77 MP: 22/22
  8340 | D:8      | Reached skill level 5 in Dodging
  8478 | D:8      | Acquired Lugonu's fifth power
  8479 | D:8      | Found Fygoxtae's General Store.
  8904 | D:9      | Noticed Grum
  9043 | D:9      | Reached skill level 9 in Armour
  9136 | D:9      | Killed Grum
  9614 | D:9      | Found a staircase to the Lair.
  9747 | D:9      | Reached XP level 11. HP: 66/86 MP: 24/24
  9752 | D:9      | Reached skill level 10 in Armour
  9919 | D:9      | Got a heavily runed jade ring
  9927 | D:9      | Identified the ring "Val Aji" {Fire rPois} (You found it on level 9 of the Dungeon)
 10390 | D:9      | Noticed Pikel
 10401 | D:9      | Killed Pikel
 10652 | D:10     | Entered Level 10 of the Dungeon
 10996 | D:10     | Noticed Gorice's ghost (powerful DsWn)
 10997 | D:10     | Noticed a hill giant
 11020 | D:10     | Banished Gorice's ghost
 11025 | D:10     | Noticed Psyche
 11028 | D:10     | Cast into the Abyss (Psyche)
 11080 | Abyss:1  | Killed a large abomination
 11107 | Abyss:1  | Noticed a large abomination
 11114 | D:10     | Escaped the Abyss
 11135 | D:10     | Killed a hill giant
 11146 | D:10     | Killed Psyche
 11146 | D:10     | Reached skill level 11 in Armour
 11917 | D:11     | Reached skill level 1 in Evocations
 12577 | D:11     | Found a roughly hewn altar of Beogh.
 12577 | D:11     | Found a staircase to the Orcish Mines.
 12898 | D:11     | Found Jearip's Armour Shop.
 12932 | D:11     | Noticed a hill giant
 12957 | D:11     | Killed a hill giant
 12957 | D:11     | Reached XP level 12. HP: 79/94 MP: 27/27
 13694 | D:11     | Bought the +3 cloak of the Ancient Seas {+Inv rC+ rN+ SInv} for 635 gold pieces
 13764 | D:12     | Reached skill level 5 in Evocations
 13924 | D:12     | Got a scintillating bone amulet
 13929 | D:12     | Identified the amulet "Pliz" {rMut +Inv rF- rC+} (You found it on level 12 of the Dungeon)
 14573 | D:12     | Noticed an eight-headed hydra
 14911 | D:12     | Reached skill level 10 in Invocations
 15154 | D:12     | Noticed a sphinx
 15165 | D:12     | Banished a sphinx
 15787 | D:12     | Noticed an ettin
 15792 | D:12     | Banished an ettin
 15795 | D:12     | Noticed a rakshasa
 15883 | D:12     | Escaped the Abyss
 15905 | D:12     | Gained mutation: Your mind is acute. (Int +2) [potion of beneficial mutation]
 15911 | D:12     | Killed from afar by a rakshasa

Action                   |  1- 3 |  4- 6 |  7- 9 | 10-12 || total
-------------------------+-------+-------+-------+-------++-------
Melee: Spear             |    83 |       |       |       ||    83
       Trident           |     1 |   214 |   534 |   850 ||  1599
Invok: Depart the Abyss  |     1 |       |       |     2 ||     3
       Banish            |       |       |     5 |     9 ||    14
       Enter the Abyss   |       |       |       |     1 ||     1
Evoke: Wand              |       |       |     5 |    16 ||    21
  Use: Scroll            |     6 |     9 |     9 |     4 ||    28
       Potion            |     2 |       |     5 |     9 ||    16
 Stab: Distracted        |       |       |       |     1 ||     1
  Eat: Chunk             |     1 |     7 |    12 |    10 ||    30
       Beef jerky        |       |       |     1 |     4 ||     5
       Fruit             |       |       |     4 |     7 ||    11
       Bread ration      |       |       |     1 |       ||     1
       Pizza             |       |       |       |     3 ||     3
